AoeStats
← Katovincere

Nomad

510095516Analyzed
2v2 RM · 2d ago on Sep 29, 2026· 40m 40s· 4 players
Game mode
Random Map
Map size
176×176
Population
200
Speed
Normal
Resources
Standard
Victory
Conquest
Starting age
Dark Age
Ending age
Imperial Age
RankedLock teamsTeams togetherTeam positionsShared explorationLock speedFull tech treeHidden civsTurbo modeCheats
Victory
Defeat
🇨🇳 Huns · China
1091
+17
🇨🇳 Malay · China
1085
+17
🇹🇼 Celts · Taiwan
1136
-18
🇻🇳 Huns · Vietnam
1089
-16
Wade Wang
7:12 Loom
15:39 Feudal Age
20:30 Castle Age
19:12 Double-Bit Axe
19:20 Gold Mining
20:37 Scale Barding Armor
21:00 Forging
23:14 Bow Saw
25:39 Horse Collar
26:11 Stone Mining
30:42 Chain Barding Armor
32:54 Iron Casting
36:48 Imperial Age
34:29 Scale Mail Armor
34:07 Pikeman
34:52 Heavy Plow
35:33 Chain Mail Armor
35:48 Stronghold
35:55 Light Cavalry
36:36 Husbandry
36:02 Man-at-Arms
36:28 Gambesons
37:41 Ballistics
38:08 Plate Mail Armor
37:41 Long Swordsman
40:04 Hussar
nguyen.tranchk32.dlu
6:43 Loom
14:51 Feudal Age
21:11 Castle Age
20:18 Fishing Lines
20:27 Double-Bit Axe
30:42 Fletching
将恋情折成回忆
9:53 Loom
13:03 Feudal Age
13:52 Double-Bit Axe
20:10 Castle Age
18:55 Gold Mining
21:20 Bow Saw
23:58 Wheelbarrow
28:07 Gold Shaft Mining
28:31 Stone Mining
29:19 Fletching
31:06 Medium Warships
37:38 Imperial Age
37:35 Hand Cart
37:48 Bodkin Arrow
Katovincere
5:39 Loom
15:43 Feudal Age
16:55 Double-Bit Axe
18:01 Fishing Lines
18:55 Fletching
21:40 Wheelbarrow
21:14 Stone Mining
24:05 Castle Age
22:31 Gold Mining
26:27 Bow Saw
26:32 Gillnets
27:24 Pikeman
30:42 Gold Shaft Mining
30:49 Medium Warships
31:02 Bodkin Arrow
40:00 Imperial Age
40:30 Forging
39:46 Halberdier
Connection lost

Rejoining the realm…

Still unreachable

The connection could not be restored.

Session expired

The server has moved on; the page needs a fresh start.